 Dungeon Crawl Stone Soup version 0.17-a0-2101-g0c122e7 (webtiles) character file.

9978 4thArraOfDagon the Cleaver (level 11, -3/102 HPs)
             Began as a Minotaur Fighter on Oct 18, 2015.
             Was a Priest of Makhleb.
             Slain by an ice devil (12 damage)
             ... on level 15 of the Dungeon.
             The game lasted 00:19:21 (3732 turns).

4thArraOfDagon the Cleaver (Minotaur Fighter)       Turns: 3732, Time: 00:19:21

Health: -3/102     AC: 17    Str: 20    XL:     11   Next: 30%
Magic:  17/17      EV:  8    Int:  8    God:    Makhleb [***...]
Gold:   484        SH:  0    Dex:  9    Spells: 0 memorised, 10 levels left

rFire  + + .     SeeInvis .     D - +3 war axe (flame)
rCold  + . .     Clarity  .     j - +1 chain mail
rNeg   . . .     SustAt   .     (no shield)
rPois  +         Gourm    +     (helmet unavailable)
rElec  +         Spirit   .     z - +0 cloak
rCorr  +         Warding  .     y - +1 pair of gloves
rMut   .         Rnd*Tele +     (no boots)
MR     .....                    F - amulet of the gourmand
Stlth  ..........               r - ring of protection from fire
                                J - ring of magical power

@: resistant, not resistant to hostile enchantments, extremely unstealthy
A: retaliatory headbutt, horns 3, clumsy 1, low mp 1, teleportitis 1, evolution
1, MP-powered wands
a: Minor Destruction, Lesser Servant of Makhleb, Renounce Religion


You were on level 15 of the Dungeon.
You worshipped Makhleb.
Makhleb was most pleased with you.
You were not hungry.

You visited 2 branches of the dungeon, and saw 14 of its levels.
You also visited: Ossuary.

You collected 484 gold pieces.

Inventory:

Hand Weapons
 a - a +1 war axe
 b - a +1 battleaxe of venom
 D - a +3 war axe of flaming (weapon)
Armour
 j - a +1 chain mail (worn)
 y - a +1 pair of gloves (worn)
 z - a +0 cloak (worn)
 E - the +1 leather armour "Boydourgh" {rF+, unknown}
   (You found it on level 9 of the Dungeon)

   It protects you from fire.
Magical Staves
 x - an uncursed staff of power {unknown}
Jewellery
 o - a +4 ring of intelligence
 r - a ring of protection from fire (right hand)
 v - an uncursed amulet of resist corrosion
 F - an amulet of the gourmand (around neck)
 J - a ring of magical power (left hand)
Wands
 g - a wand of magic darts (28)
 n - a wand of random effects (28)
 G - a wand of fire (10)
Scrolls
 p - 2 scrolls of noise
 s - 5 scrolls of enchant weapon
 t - 5 scrolls of remove curse
Potions
 c - 4 potions of brilliance
 d - a potion of mutation {unknown}
 m - 2 potions of degeneration
 u - 4 potions of magic
 C - a potion of flight
 L - a potion of cure mutation
Books
 f - a book of Death

   Spells                             Type                      Level
   a - Corpse Rot                     Necromancy                   2
   b - Sublimation of Blood           Necromancy                   2
   c - Agony                          Necromancy                   5
   d - Dispel Undead                  Necromancy                   5
   e - Excruciating Wounds            Charms/Necromancy            5
   f - Bolt of Draining               Conjuration/Necromancy       5
 l - a book of Cantrips

   Spells                             Type                      Level
   a - Corona                         Hexes                        1
   b - Animate Skeleton               Necromancy                   1
   c - Summon Small Mammal            Summoning                    1
   d - Apportation                    Translocation                1
Comestibles
 e - 3 bread rations
 i - 4 meat rations
 A - 2 slices of pizza


   Skills:
 + Level 11.2 Fighting
 * Level 14.6 Axes
 + Level 11.0 Armour
   Level 3.6 Shields


You had 10 spell levels left.
You didn't know any spells.

Dungeon Overview and Level Annotations

Branches:
Dungeon (15/15)            Temple (1/1) D:4
   Lair: D:8-11         Orc: D:9-12      Vaults: D:13-14     Depths: D:15

Altars:
Dithmenos
Elyvilon
Fedhas
Gozag
Makhleb
Nemelex Xobeh
Ru
Sif Muna
Trog
Xom
Yredelemnul
The Shining One

Shops:
D:8 %

Annotations:
D:7 4thArraOfDagon's ghost, novice MiFi
D:10 Nergalle
D:11 Fannar


Innate Abilities, Weirdness & Mutations

You reflexively headbutt those who attack you in melee.
You have a pair of large horns on your head.
You are clumsy. (Dex -2)
Your magical capacity is low (-10% MP).
You are occasionally teleported to nearby monsters.
You evolve.
You expend magic power (3 MP) to strengthen your wands.


Message History

The ice devil completely misses you. You furiously retaliate!
You headbutt the ice devil, but do no damage.
Unknown command.
You slice the ice devil!! You burn the ice devil.
The ice devil is severely wounded.
The ice devil hits you!
* * * LOW HITPOINT WARNING * * *
The ice devil freezes you. You resist.
* * * LOW HITPOINT WARNING * * *
Unknown command.
You hit the ice devil but do no damage.
The ice devil is severely wounded.
The kobold demonologist miscasts a cantrip.
Unknown command.
You barely miss the ice devil.
The ice devil is severely wounded.
The ice devil hits you.
* * * LOW HITPOINT WARNING * * *
The ice devil freezes you! You resist.
You die...

...#......#
#..#
####......#
... ##.#
.######. ...
#.# ... #.#
#.# ##.# #.#
#..# #.#
#.(# #3#
#..#
###@####..#
#.........#
#.........#
#.........#
#.K.......#
#.........#
.'..#####..#
..#..# #..#
..#..# ..#


You could see an ice devil and a kobold demonologist.

Vanquished Creatures
  2 centaur warriors (D:15)
  An ice devil (D:15)
  6 ugly things (D:15)
  A centaur skeleton (D:15)
  A gargoyle (D:15)
  Psyche (D:8)
  A deep elf mage (D:15)
  A wyvern (D:9)
  A basilisk (D:15)
  A hippogriff (D:11)
  2 water moccasins (D:9)
  An orc warrior (D:8)
  3 sky beasts
  A slave (D:8)
  A wasp (D:15)
  7 centaurs
  5 ogres
  A giant frog (D:9)
  3 water moccasin zombies (Ossuary)
  2 scorpions
  7 wights
  A hound (D:4)
  A giant frog skeleton (D:11)
  7 jellies
  A crimson imp (D:5)
  A giant frog zombie (D:9)
  3 orc priests
  5 orc wizards
  4 iguanas
  7 worker ants
  4 big kobold zombies (Ossuary)
  A hound skeleton (D:10)
  2 mummies (Ossuary)
  8 gnolls
  6 adders
  An adder skeleton (D:10)
  6 adder zombies (Ossuary)
  2 worms
  2 giant geckos (D:8)
  19 orcs
  3 gnoll zombies (Ossuary)
  3 goblins
  4 hobgoblins
  5 jackals
  A ball python (D:6)
  A bat (D:3)
  A giant newt (D:4)
  8 hobgoblin zombies (Ossuary)
  A jackal zombie (D:8)
  5 kobold zombies (Ossuary)
  8 orc zombies (Ossuary)
  A quokka skeleton (D:6)
  2 rats (D:3)
173 creatures vanquished.

Vanquished Creatures (collateral kills)
  Nessos (D:15)
  A centaur warrior (D:15)
  A deep elf mage (D:15)
3 creatures vanquished.

Grand Total: 176 creatures vanquished

Notes
Turn   | Place    | Note
--------------------------------------------------------------
     0 | D:1      | 4thArraOfDagon the Minotaur Fighter began the quest for the Orb.
     0 | D:1      | Reached XP level 1. HP: 19/19 MP: 0/0
    35 | D:1      | You fall through a shaft!
   107 | D:3      | Reached XP level 2. HP: 25/27 MP: 1/1
   274 | D:2      | Found a faded altar to an unknown god.
   426 | D:3      | Reached skill level 4 in Fighting
   530 | D:3      | You fall through a shaft for 3 floors!
   534 | D:6      | Reached XP level 3. HP: 31/33 MP: 2/2
   541 | D:6      | Noticed a centaur
   550 | D:6      | Killed a centaur
   550 | D:6      | Reached XP level 4. HP: 27/41 MP: 3/3
   678 | D:7      | Reached XP level 5. HP: 43/47 MP: 4/4
   703 | D:7      | Noticed 4thArraOfDagon's ghost (novice MiFi)
   708 | D:7      | Noticed a slave
   741 | D:6      | Reached skill level 5 in Axes
   746 | D:5      | Entered Level 5 of the Dungeon
   746 | D:5      | Noticed a sky beast
   776 | D:5      | Killed a sky beast
   776 | D:5      | Reached skill level 5 in Fighting
   776 | D:5      | Reached skill level 5 in Armour
   823 | D:5      | Reached XP level 6. HP: 44/56 MP: 5/5
   888 | D:5      | Reached skill level 6 in Axes
  1105 | D:5      | Found a sand-covered staircase.
  1109 | Ossuary  | Entered an ossuary
  1214 | Ossuary  | Reached XP level 7. HP: 10/61 MP: 6/6
  1368 | Ossuary  | Reached skill level 7 in Axes
  1592 | D:6      | Noticed a wight
  1608 | D:6      | Killed a wight
  1615 | D:6      | Noticed a wight
  1617 | D:6      | Noticed a wight
  1620 | D:6      | Killed a wight
  1622 | D:6      | Killed a wight
  1625 | D:6      | Noticed a wight
  1633 | D:6      | Killed a wight
  1633 | D:6      | Reached skill level 8 in Axes
  1640 | D:6      | Noticed a gargoyle
  1732 | D:4      | Reached XP level 8. HP: 13/71 MP: 7/7
  1761 | D:4      | Found a staircase to the Ecumenical Temple.
  1770 | Temple   | Entered the Ecumenical Temple
  1790 | Temple   | Became a worshipper of Makhleb the Destroyer
  1813 | D:3      | Found a sparkling altar of Nemelex Xobeh.
  1813 | D:3      | Noticed an orc warrior
  1814 | D:3      | Noticed an orc wizard
  1868 | D:4      | Found a blossoming altar of Fedhas.
  2000 | D:3      | Reached skill level 9 in Axes
  2214 | D:8      | Found Xala's Food Boutique.
  2221 | D:8      | Reached * piety under Makhleb
  2364 | D:9      | Got a bloodstained leather armour
  2432 | D:8      | Reached skill level 10 in Axes
  2499 | D:7      | Noticed a slave
  2505 | D:8      | Killed a slave
  2532 | D:9      | Reached XP level 9. HP: 81/81 MP: 8/8
  2560 | D:9      | Noticed a tengu warrior
  2560 | D:9      | Noticed a tengu warrior
  2590 | D:8      | Noticed Psyche
  2594 | D:8      | Killed Psyche
  2741 | D:9      | Reached skill level 11 in Axes
  2845 | D:10     | Entered Level 10 of the Dungeon
  2849 | D:10     | Reached ** piety under Makhleb
  2950 | D:10     | Noticed Nergalle
  3017 | D:11     | Noticed Fannar
  3090 | D:12     | You fall through a shaft for 3 floors!
  3090 | D:15     | Entered Level 15 of the Dungeon
  3091 | D:15     | :(
  3093 | D:15     | Noticed a cyclops
  3094 | D:15     | Noticed a hill giant
  3094 | D:15     | Noticed a centaur skeleton
  3099 | D:15     | Noticed a centaur warrior
  3107 | D:15     | Reached skill level 12 in Axes
  3113 | D:15     | Reached XP level 10. HP: 76/91 MP: 9/9
  3114 | D:15     | Killed a centaur warrior
  3133 | D:15     | Noticed a centaur warrior
  3152 | D:15     | Killed a centaur warrior
  3167 | D:15     | Noticed Nessos
  3175 | D:15     | Killed Nessos
  3175 | D:15     | Reached skill level 10 in Fighting
  3175 | D:15     | Reached skill level 13 in Axes
  3177 | D:15     | Noticed a tengu warrior
  3332 | D:15     | Noticed a centaur warrior
  3350 | D:15     | Killed a centaur warrior
  3350 | D:15     | Reached *** piety under Makhleb
  3350 | D:15     | Reached skill level 10 in Armour
  3381 | D:15     | Noticed a gargoyle
  3404 | D:15     | Killed a gargoyle
  3581 | D:15     | Noticed a purple ugly thing
  3581 | D:15     | Noticed a purple ugly thing
  3582 | D:15     | Noticed a purple ugly thing
  3582 | D:15     | Noticed a purple ugly thing
  3590 | D:15     | Killed a purple ugly thing
  3593 | D:15     | Noticed a purple ugly thing
  3593 | D:15     | Noticed a purple ugly thing
  3601 | D:15     | Killed a white ugly thing
  3604 | D:15     | Killed a green ugly thing
  3604 | D:15     | Reached skill level 14 in Axes
  3604 | D:15     | Reached XP level 11. HP: 37/101 MP: 10/10
  3607 | D:15     | Killed a purple ugly thing
  3609 | D:15     | Killed a green ugly thing
  3612 | D:15     | Killed a red ugly thing
  3655 | D:15     | Killed a centaur skeleton
  3660 | D:15     | Gained mutation: You are occasionally teleported to nearby monsters. [mutagenic meat]
  3661 | D:15     | Gained mutation: You are clumsy. (Dex -2) [mutagenic meat]
  3664 | D:15     | Gained mutation: Your body sometimes deteriorates upon taking damage. [mutagenic meat]
  3665 | D:15     | Lost mutation: Your body sometimes deteriorates upon taking damage. [mutagenic meat]
  3666 | D:15     | Gained mutation: You have a pair of large horns on your head. [mutagenic meat]
  3668 | D:15     | Gained mutation: You expend magic power (3 MP) to strengthen your wands. [mutagenic meat]
  3669 | D:15     | Gained mutation: Your magical capacity is low (-10% MP). [mutagenic meat]
  3670 | D:15     | Gained mutation: You evolve. [mutagenic meat]
  3697 | D:15     | Noticed an ice devil
  3697 | D:15     | Noticed an ice devil
  3716 | D:15     | Killed an ice devil
  3727 | D:15     | Noticed a kobold demonologist
  3732 | D:15     | Slain by an ice devil

Vault maps used:
D:1:      dpeg_arrival_circle_labyrinth_c, minmay_misc_feat_plants
D:2:      serial_co_window_serial, co_window_paths_a, co_window_corner_a,
          co_window_paths_a, co_window_cross_1, co_window_paths_b,
          co_window_corner_ca, co_window_2corner, co_window_corner_b,
          glass_columns_b, glass_columns_b, glass_columns_b, ecumenical_altar_1,
          dk_noncrumbling_2, uniq_jessica
D:3:      st_stairs_12, solitary_fountain, nemelex_deck
D:4:      minmay_temple_entry_glass, fedhas_altar_fruit_tree
D:5:      lightli_ossuary_entry_decrepit_ruins, first_bread, minmay_misc_feat_x
D:6:      serial_shops, nicolae_shop_behind_doors
D:7:      kiku_gazebo_pond_becter, serial_shops,
          nicolae_shop_competitors_out_of_business, sigmund_army, uniq_pikel
D:8:      serial_shops, nicolae_shop_trees, uniq_psyche
D:10:     dpeg_oklobed_lair, uniq_nergalle
D:11:     uniq_fannar
D:12:     zombieorc2_lemuel
D:15:     grunt_enter_depths_giant_problem, grunt_decor_mini_mirrors,
          portal_ice_cave_demonic_guard, uniq_nessos
Temple:   grunt_circular_temple_18
Ossuary:  ossuary_tomb_2

Action                   |  1- 3 |  4- 6 |  7- 9 | 10-12 || total
-------------------------+-------+-------+-------+-------++-------
Melee: War axe           |    34 |   134 |   257 |    83 ||   508
       Battleaxe         |       |       |    76 |     1 ||    77
Throw: Throwing net      |       |       |     3 |     3 ||     6
Evoke: Wand              |     1 |       |     1 |       ||     2
       Deck              |       |       |       |     6 ||     6
  Use: Potion            |       |     3 |     7 |    10 ||    20
       Scroll            |       |       |    17 |     3 ||    20
 Stab: Confused          |       |       |     1 |       ||     1
       Held in net/web   |       |       |       |     2 ||     2
  Eat: Beef jerky        |       |     2 |       |       ||     2
       Chunk             |       |       |     2 |    12 ||    14
       Fruit             |       |       |     4 |       ||     4
       Royal jelly       |       |       |       |     1 ||     1
